 Dungeon Crawl Stone Soup version 0.24.0-123-gd5b16e6ec5 (webtiles) character file.

Game seed: 5009432772159666822, levelgen mode: deterministic

46 brucemayne the Chopper (level 3, 0/31 HPs)
             Began as a Hill Orc Monk on Jan 21, 2020.
             Succumbed to an adder's poison
             ... on level 2 of the Dungeon.
             The game lasted 00:02:40 (702 turns).

brucemayne the Chopper (Hill Orc Monk)               Turns: 702, Time: 00:02:41

Health: 0/31       AC:  4    Str: 14    XL:     3   Next: 66%
Magic:  3/3        EV: 12    Int: 13    God:
Gold:   84         SH:  0    Dex: 13    Spells: 2/2 levels left

rFire    . . .     SeeInvis .   l - +0 war axe
rCold    . . .     Gourm    .   (no shield)
rNeg     . . .     Faith    .   h - +0 leather armour
rPois    .         Spirit   .   e - +0 helmet
rElec    .         Reflect  .   (no cloak)
rCorr    .         Harm     .   (no gloves)
MR       .....                  (no boots)
Stlth    ++........             (no amulet)
HPRegen  0.10/turn              i - -2 ring of intelligence (curse)
MPRegen  0.08/turn              (no ring)

@: brilliant, lethally poisoned (0 -> -7), very slightly contaminated, invisible
A: no striking features
a: no special abilities


You were on level 2 of the Dungeon.
You were not hungry.

You visited 1 branch of the dungeon, and saw 3 of its levels.

You collected 84 gold pieces.

Inventory:

Hand Weapons
 a - a +0 hand axe
 l - a +0 war axe (weapon)
Armour
 b - a +0 robe
 e - a +0 helmet (worn)
 h - a +0 leather armour (worn)
Jewellery
 i - a cursed -2 ring of intelligence (left hand)
Scrolls
 d - 5 scrolls of teleportation {unknown}
 f - a scroll of blinking {unknown}
 j - a scroll of amnesia {unknown}
Potions
 g - 2 potions of brilliance
Comestibles
 c - 2 rations


   Skills:
 - Level 3.6 Fighting
 + Level 6.0 Axes
 - Level 2.4 Dodging
 - Level 1.5 Stealth


You had 2 spell levels left.
You didn't know any spells.
Your spell library was empty.

Dungeon Overview and Level Annotations

Branches:
Dungeon (3/15)

Altars:
Ashenzari


Message History

You closely miss the adder.
The adder is lightly wounded.
* * * LOW HITPOINT WARNING * * *
You feel sick. The adder barely misses you.
The adder bites you but does no damage.
You strike the helpless adder from behind!
You slash the adder!
You kill the adder!
Your Axes skill increases to level 6!
* * * LOW HITPOINT WARNING * * *
You feel sick. The rat barely misses you.
* * * LOW HITPOINT WARNING * * *
You feel sick.
* * * LOW HITPOINT WARNING * * *
You feel sick.
* * * LOW HITPOINT WARNING * * *
You feel sick.
* * * LOW HITPOINT WARNING * * *
You feel sick.
You die...

#......# ##########
#......# #........#
#....†.# #........#
###'##.# #........#
#.##.# #........#
#.#.##.# #........#
#......###........#
#.####............ww.#
#....@#######........#
#####.# #......... #r#
###.####.# #.#
#####....w.#
#l#####.....######
#..)lw..###.......
####w.#.#.#.##..##
##.....%.?#..#
#..##.⌠.##..#


You could see a frilled lizard and a rat.

Vanquished Creatures
  An adder (D:2)
  A dart slug (D:2)
  2 leopard geckos
  4 bats
  5 giant cockroaches (D:1)
  4 goblins (D:1)
  4 hobgoblins
  A quokka (D:2)
  4 frilled lizards
  2 kobolds
  4 rats
32 creatures vanquished.

Notes
Turn   | Place    | Note
-------+----------+-------------------------------------------
     0 | D:1      | brucemayne the Hill Orc Monk began the quest for the Orb.
     0 | D:1      | Reached XP level 1. HP: 19/19 MP: 1/1
    67 | D:1      | Reached XP level 2. HP: 22/26 MP: 2/2
   100 | D:1      | Reached skill level 5 in Axes
   123 | D:1      | You fall into a shaft and drop 1 floor!
   155 | D:3      | Noticed a crimson imp
   350 | D:1      | Reached XP level 3. HP: 30/31 MP: 3/3
   663 | D:2      | Found a shattered altar of Ashenzari.
   697 | D:2      | Reached skill level 6 in Axes
   701 | D:2      | HP: 1/31 [poisoned by an adder]
   702 | D:2      | Succumbed to an adder's poison

Levels and vault maps discovered:
D:1:      wander_arrival_peaceful_grave, layout_loops_ring, chequers_garden,
          minmay_misc_feat_four_crosses
D:2:      layout_basic, lemuel_round_altar, minmay_pentomino_u4
D:3:      layout_loops_ring, gup_sewer_entry_bowl

Skill      XL: |  1  2  3 |
---------------+----------+-----
Axes           | 5 6 |  6.0
Fighting       | |  3.6
Dodging        | |  2.4
Stealth        | |  1.5

Action                   || total
-------------------------++-------
Melee: Hand axe          ||   124
       War axe           ||    13
  Use: Potion            ||     2
 Stab: Invisible         ||     1
Armor: Robe              ||    19
       Leather armour    ||    20
Dodge: Dodged            ||   111
